 Dungeon Crawl Stone Soup version 0.26.1-10-gdfb7c7de75 (webtiles) character file.

Game seed: 1911581330081032799

194 intro0123 the Cudgeller (level 5, 0/33 HPs)
             Began as a Gargoyle Monk on Apr 10, 2021.
             Slain by a gnoll (1 damage)
             ... on level 2 of the Dungeon.
             The game lasted 00:18:03 (3218 turns).

intro0123 the Cudgeller (Gargoyle Monk)             Turns: 3218, Time: 00:18:04

Health: 0/33       AC: 11    Str: 13 (14) XL:     5   Next: 73%
Magic:  5/5        EV: 11    Int: 10 (11) God:
Gold:   104        SH:  0    Dex: 11 (13) Spells: 4/4 levels left

rFire    + . .     SeeInvis .   a - +0 mace
rCold    . . .     Faith    .   (no shield)
rNeg     + + .     Spirit   .   f - +1 ring mail {rN+}
rPois    ∞         Reflect  .   k - +0 helmet
rElec    +         Harm     .   (no cloak)
rCorr    .         Rampage  .   (no gloves)
Will     .....                  (no boots)
Stlth    ++........             (no amulet)
HPRegen  0.11/turn              d - ring of stealth
MPRegen  0.09/turn              n - ring of protection from fire

@: no status effects
A: negative energy resistance 1, electricity resistance, unbreathing,
petrification resistance, miasma immunity, AC +4
a: no special abilities


You were on level 2 of the Dungeon.
You visited 1 branch of the dungeon, and saw 3 of its levels.

You collected 104 gold pieces.

Inventory:

Hand Weapons
 a - a +0 mace (weapon)
Armour
 b - a +0 robe
 e - a +0 chain mail
 f - a +1 ring mail of positive energy (worn)
 k - a +0 helmet (worn)
Jewellery
 c - a +4 ring of evasion {unknown}
 d - a ring of stealth (left hand)
 n - a ring of protection from fire (right hand)
 s - an uncursed ring of fire {unknown}
Wands
 m - a wand of disintegration (13)
 p - a wand of polymorph (1) (quivered)
Scrolls
 g - a scroll of fear
 i - a scroll of teleportation
 j - a scroll of blinking {unknown}
 l - 4 scrolls of remove curse {unknown}
 r - a scroll of amnesia {unknown}
 t - a scroll of enchant armour {unknown}
Potions
 o - a potion of invisibility {unknown}


   Skills:
 + Level 4.0 Fighting
 + Level 4.2 Maces & Flails
 + Level 2.0 Armour
 + Level 3.3 Dodging
 + Level 2.9 Stealth
 + Level 0.3 Unarmed Combat


You had 4 spell levels left.
You didn't know any spells.
Your spell library was empty.

Dungeon Overview and Level Annotations

Branches:
Dungeon (3/15)

Altars:


Innate Abilities, Weirdness & Mutations

You are resistant to torment.
Your stone body is resilient. (AC +4)
You are immune to poison.
You resist negative energy. (rN+)
You are resistant to electric shocks. (rElec)
You can survive without breathing.
You are immune to petrification.
You are immune to miasma.


Message History

Aim: a gnoll, wielding a +2 flail of protection (moderately wounded, will become a jelly, a river rat, or a rat, chance to affect: 54%)
The gnoll resists with significant effort.
The gnoll barely misses you.
The gnoll hits you with a +2 flail of protection.
* * * LOW HITPOINT WARNING * * *
It was a potion of curing.
You feel better. The gnoll barely misses you.
You hit the gnoll.
The gnoll is severely wounded.
The gnoll hits you but does no damage. The gnoll barely misses you.
The gnoll hits you.
You hit the gnoll but do no damage.
The gnoll is severely wounded.
The gnoll closely misses you. The gnoll hits you.
* * * LOW HITPOINT WARNING * * *
You hit the gnoll but do no damage.
The gnoll is severely wounded.
The gnoll hits you with a +2 flail of protection.
* * * LOW HITPOINT WARNING * * *
The gnoll hits you.
You die...

##.......>...###..#
#......# ######.######
##.## #...#... #.##
######..# #...##.. #..#
#...###.####.......
##.###...#
#.)..<......( #..##...#
####÷........
##.##...####.....#.....
#.##........##....####
#.##g@..##.....####.).
#.##.g...#.#####......
#.##...#.#.###...####.
#.##...#...##..###....
#.#######..#..##..(#..
#..<.# ##.##.##....#.#
####)# #..#..#....##.#
#.# #.##.##...##..# #(#
#.##.#...##..##


You could see 2 gnolls.

Vanquished Creatures
  Jessica (D:2)
  Robin (D:2)
  2 gnolls (D:3)
  6 adders
  A worm (D:2)
  2 dart slugs
  2 leopard geckos (D:2)
  An orc (D:3)
  A giant cockroach (D:1)
  7 goblins (D:2)
  12 hobgoblins
  18 jackals (D:3)
  A quokka (D:2)
  5 bats
  2 frilled lizards (D:1)
  6 kobolds
  2 rats (D:2)
70 creatures vanquished.

Vanquished Creatures (others)
  A plant (D:3)
1 creature vanquished.

Grand Total: 71 creatures vanquished

Notes
Turn   | Place    | Note
-------+----------+-------------------------------------------
     0 | D:1      | intro0123 the Gargoyle Monk began the quest for the Orb.
     0 | D:1      | Reached XP level 1. HP: 14/14 MP: 1/1
   690 | D:1      | Reached XP level 2. HP: 19/19 MP: 2/2
  1258 | D:2      | Reached XP level 3. HP: 22/23 MP: 3/3
  1559 | D:2      | Noticed Jessica
  1583 | D:2      | Killed Jessica
  1584 | D:2      | Reached skill level 1 in Armour
  1584 | D:2      | Reached XP level 4. HP: 20/29 MP: 4/4
  1933 | D:2      | Noticed Robin
  1951 | D:2      | Reached XP level 5. HP: 18/33 MP: 5/5
  1953 | D:2      | Killed Robin
  3218 | D:2      | HP: 1/33 [gnoll/+2 flail of protection (6)]
  3218 | D:2      | Slain by a gnoll

Illustrated notes

Levels and vault maps discovered:
D:1:      saegor_arrival_simple_d, layout_loops_ring
D:2:      minmay_evil_eye, layout_rooms, minmay_bisected, uniq_jessica,
          uniq_robin
D:3:      lemuel_castle_with_subvaults [lemuel_castle_interior_carwin_3],
          layout_basic

Skill      XL: |  1  2  3  4  5 |
---------------+----------------+-----
Dodging        | 3 |  3.3
Armour         | 1 2 |  2.0
Maces & Flails | 4 |  4.2
Fighting       | 4 |  4.0
Stealth        | |  2.9
Unarmed Combat | |  0.3

Action                   |  1- 3 |  4- 6 || total
-------------------------+-------+-------++-------
Melee: Mace              |   126 |   181 ||   307
       Unarmed           |       |    15 ||    15
Evoke: Wand              |       |     2 ||     2
  Use: Scroll            |     3 |       ||     3
       Potion            |       |     3 ||     3
 Stab: Sleeping          |     2 |     1 ||     3
Armor: Robe              |     5 |       ||     5
       Chain mail        |     3 |       ||     3
       Ring mail         |    51 |   155 ||   206
       Skin              |       |     5 ||     5
Dodge: Dodged            |   104 |   214 ||   318
